 Dungeon Sprint DCSS version 0.27-a0-1116-g91b3acb402 (webtiles) character file.

Game seed: 3437524578905259733

1437 Zeld the Fighter (level 8, -1/67 HPs)
             Began as an Octopode Fighter on May 1, 2021.
             Slain by a polar bear (11 damage)
             ... in the Dungeon (Sprint II: "The Violet Keep of Menkaure").
             The game lasted 00:03:47 (1515 turns).

Zeld the Fighter (Octopode Fighter)                 Turns: 1515, Time: 00:03:49

Health: -1/67      AC:  1    Str: 17    XL:     8   Next: 74%
Magic:  8/8        EV: 12    Int: 11    God:
Gold:   2          SH: 15    Dex: 11    Spells: 7/7 levels left

rFire    . . .     SeeInvis .   a - +0 war axe
rCold    . . .     Faith    .   b - +3 kite shield
rNeg     + . .     Spirit   .   (helmet restricted)
rPois    .         Reflect  .   (no amulet)
rElec    .         Harm     .   k - ring of positive energy
rCorr    .         Rampage  .   (no ring)
Will     .....     NoTele   +   (no ring)
Stlth    +++.......             (no ring)
HPRegen  0.21/turn              (no ring)
MPRegen  0.11/turn              (no ring)
                                (no ring)
                                (no ring)

@: mighty, on berserk cooldown, slowed, very slow
A: almost no armour, amphibious, 8 rings, camouflage 1, gelatinous body 1,
nimble swimmer 1, tentacles
a: no special abilities


You were in the Dungeon.
You visited 1 branch You collected 972 gold pieces.
You spent 970 gold pieces at shops.

Inventory:

Hand Weapons
 a - a +0 war axe (weapon)
Armour
 b - a +3 kite shield (worn)
Jewellery
 k - a ring of positive energy (left tentacle)
Scrolls
 f - 9 scrolls of identify
 i - 2 scrolls of blinking
Potions
 c - 3 potions of might
 d - 5 potions of curing
 g - 2 potions of magic


   Skills:
 * Level 11.3 Fighting
 * Level 11.0 Axes
 - Level 3.0 Dodging
 * Level 11.2 Shields


You had 7 spell levels left.
You didn't know any spells.
Your spell library was empty.

Dungeon Overview and Level Annotations

Branches:
Dungeon (1/1)

Altars:
Cheibriados
Dithmenos
Elyvilon
Fedhas
Gozag
Kikubaaqudgha
Makhleb
Nemelex Xobeh
Okawaru
Sif Muna
Trog
Uskayaw
Vehumet
Yredelemnul
Zin
Beogh
Jiyva
Lugonu

Shops:
D =(:!?==?(![?[(:

Annotations:
D exclusions: ice statue and oklob plant


Innate Abilities, Weirdness & Mutations

You cannot wear most types of armour.
You are amphibious.
You can wear up to eight rings at the same time.
Your skin changes colour to match your surroundings (Stealth+).
Your rubbery body absorbs attacks. (AC +1, EV +1)
You are camouflaged near water. (Stealth+)
You have tentacles for arms and can constrict up to eight enemies at once.


Message History

You miss the hornet. You grab the hornet.
The hornet is almost dead.
You slash the polar bear!
You are no longer berserk.
You are exhausted.
You feel as though you will be slow longer.
You constrict the hornet. The hornet stings you.
You are poisoned.
You feel as though you will be slow longer.
The polar bear bites you! You block the polar bear's attack.
The polar bear claws you.
You hit the hornet.
You kill the hornet!
You hit the polar bear but do no damage.
You feel very sick. The polar bear barely misses you.
You block the polar bear's attack. The polar bear claws you.
Your Axes skill increases to level 11!
You feel much better.
You feel sick. You block the polar bear's attack. The polar bear claws you.
You block the polar bear's attack.
The yaktaur is engulfed in a cloud of scalding steam.
The polar bear bites you! The polar bear claws you. x2
You feel very mighty all of a sudden.
You feel sick.
The yaktaur is engulfed in a cloud of scalding steam.
You block the yaktaur's attack.
The polar bear is engulfed in a cloud of scalding steam.
The polar bear bites you!
* * * LOW HITPOINT WARNING * * *
The polar bear closely misses you. The polar bear claws you.
* * * LOW HITPOINT WARNING * * *
The yaktaur is engulfed in a cloud of scalding steam.
You block the yaktaur's attack.
You feel better. The polar bear bites you!
* * * LOW HITPOINT WARNING * * *
The polar bear claws you.
* * * LOW HITPOINT WARNING * * *
You block the polar bear's attack. You block the yaktaur's attack.
The polar bear bites you!
You die...

###'###.##..# .# #
.##.##...#..# .# .#
#†.<.'##.'..### .##.#▓$
.##.##.###..§.###...##▓▓
###'###.##......§≈≈≈≈≈≈≈
##.#.####≈≈.§.§§≈#+#####
#..#..#≈≈≈≈§≈≈§.≈#....._
###.###§≈≈≈≈≈§≈ch#...._.
≈##'##≈≈≈≈≈≈≈≈§§@#..._._
≈≈≈≈≈≈≈≈≈§§≈§≈≈≈§#.._._.
+++#+++#≈§§≈≈≈≈≈≈#._._._
≈;;;≈ ##§§§###≈≈#_._._.
≈§§≈§;§§##≈≈# #≈≈#._._._
≈§≈≈§;§§≈+≈≈# #≈≈#_._._.
;§≈§≈§§§##§≈§§≈≈≈#######
§≈≈;§≈≈## ######≈≈≈≈≈≈
###+#### ○○###≈#####


You could see a polar bear and a yaktaur.

Vanquished Creatures
  A polar bear (D)
  A hornet (D)
  2 wyverns (D)
  A vampire mosquito (D)
  A water moccasin (D)
  4 necrophages (D)
  4 scorpions (D)
  3 worms (D)
17 creatures vanquished.

Vanquished Creatures (others)
  Menkaure (D)
  A water moccasin (D)
2 creatures vanquished.

Grand Total: 19 creatures vanquished

Notes
Turn   | Place    | Note
-------+----------+-------------------------------------------
     0 | D        | Zeld the Octopode Fighter began the quest for the Orb.
     0 | D        | Reached XP level 1. HP: 16/16 MP: 1/1
     1 | D        | Noticed a necrophage
     1 | D        | Noticed a necrophage
     1 | D        | Noticed a necrophage
     1 | D        | Noticed a necrophage
     6 | D        | Killed a necrophage
     7 | D        | Reached skill level 5 in Fighting
     7 | D        | Reached skill level 5 in Axes
     7 | D        | Reached skill level 5 in Shields
     7 | D        | Reached XP level 2. HP: 17/25 MP: 2/2
     7 | D        | Reached XP level 3. HP: 21/30 MP: 3/3
     7 | D        | Reached XP level 4. HP: 25/36 MP: 4/4
    10 | D        | Killed a necrophage
    11 | D        | Reached XP level 5. HP: 30/42 MP: 5/5
    13 | D        | Killed a necrophage
    14 | D        | Reached XP level 6. HP: 27/50 MP: 6/6
    16 | D        | Killed a necrophage
    72 | D        | Killed Menkaure
   145 | D        | Killed a water moccasin
   277 | D        | Noticed a wyvern
   277 | D        | Noticed a wyvern
   615 | D        | Reached XP level 7. HP: 35/57 MP: 7/7
   804 | D        | Found Lacum's Antique Armour Shop.
   804 | D        | Found Bytusk's Antique Armour Shop.
   805 | D        | Found Woppuimp's Distillery.
   806 | D        | Found Bixzi's Antique Weapon Boutique.
   806 | D        | Found Atunyoni's Book Shop.
   806 | D        | Found Liebyf's Magic Scroll Shop.
   807 | D        | Found Tyzoc's Jewellery Shop.
   807 | D        | Found Puciqof's Jewellery Boutique.
   807 | D        | Found Sauwk's Weapon Boutique.
   808 | D        | Found Wauryaf's Magic Scroll Boutique.
   810 | D        | Found Wouxtuhe's Magic Scroll Boutique.
   810 | D        | Found Jieli's Distillery.
   810 | D        | Noticed an oklob plant
   811 | D        | Found Huot's Antique Weapon Shop.
   811 | D        | Found Pisa's Book Shoppe.
   811 | D        | Found Tyfeol Ecesk's Jewellery Boutique.
   815 | D        | Noticed a redback
   834 | D        | Bought a potion of might for 56 gold pieces
   834 | D        | Bought a potion of might for 56 gold pieces
   834 | D        | Bought a potion of curing for 42 gold pieces
   834 | D        | Bought a potion of curing for 42 gold pieces
   834 | D        | Bought a potion of might for 56 gold pieces
   836 | D        | Bought a scroll of identify for 20 gold pieces
   836 | D        | Bought a scroll of identify for 20 gold pieces
   836 | D        | Bought a scroll of identify for 20 gold pieces
   836 | D        | Bought a scroll of identify for 20 gold pieces
   836 | D        | Bought a scroll of enchant armour for 75 gold pieces
   836 | D        | Bought a scroll of enchant armour for 75 gold pieces
   836 | D        | Bought a scroll of identify for 20 gold pieces
   838 | D        | Bought a scroll of blinking for 97 gold pieces
   838 | D        | Bought a scroll of enchant armour for 97 gold pieces
   838 | D        | Bought a scroll of identify for 26 gold pieces
  1035 | D        | Noticed a vampire mosquito
  1039 | D        | Killed a vampire mosquito
  1040 | D        | Reached skill level 10 in Fighting
  1040 | D        | Reached skill level 10 in Axes
  1040 | D        | Reached skill level 10 in Shields
  1170 | D        | Noticed an ice statue
  1183 | D        | Killed a wyvern
  1184 | D        | Reached XP level 8. HP: 51/65 MP: 8/8
  1192 | D        | Killed a wyvern
  1456 | D        | Bought a potion of might for 56 gold pieces
  1456 | D        | Bought a potion of curing for 42 gold pieces
  1456 | D        | Bought a potion of curing for 42 gold pieces
  1456 | D        | Bought a potion of curing for 42 gold pieces
  1457 | D        | Bought a scroll of identify for 26 gold pieces
  1460 | D        | Bought a scroll of identify for 20 gold pieces
  1460 | D        | Bought a scroll of identify for 20 gold pieces
  1488 | D        | Found an opulent altar of Gozag.
  1489 | D        | Found a blossoming altar of Fedhas.
  1489 | D        | Found a sparkling altar of Nemelex Xobeh.
  1489 | D        | Found an iron altar of Okawaru.
  1491 | D        | Found a white marble altar of Elyvilon.
  1491 | D        | Found a burning altar of Makhleb.
  1491 | D        | Found a radiant altar of Vehumet.
  1494 | D        | Found a shadowy altar of Dithmenos.
  1494 | D        | Found a corrupted altar of Lugonu.
  1494 | D        | Found a hide-covered altar of Uskayaw.
  1495 | D        | Found a snail-covered altar of Cheibriados.
  1495 | D        | Found an ancient bone altar of Kikubaaqudgha.
  1495 | D        | Found a bloodstained altar of Trog.
  1495 | D        | Found a glowing silver altar of Zin.
  1496 | D        | Found a viscous altar of Jiyva.
  1496 | D        | Found a shimmering blue altar of Sif Muna.
  1496 | D        | Found a basalt altar of Yredelemnul.
  1496 | D        | Noticed a polar bear
  1497 | D        | Noticed a polar bear
  1500 | D        | Noticed a hornet
  1508 | D        | Noticed a yaktaur
  1510 | D        | Killed a polar bear
  1512 | D        | Killed a hornet
  1515 | D        | Slain by a polar bear

Illustrated notes

Levels and vault maps discovered:
D:        the_violet_keep_of_menkaure [sprint2_stairs_cluster_1,
          sprint2_shoproom, sprint2_temple, sprint2_basic_supplies,
          sprint2_obstacle_7, sprint2_obstacle_1, sprint2_obstacle_2,
          sprint2_obstacle_4, sprint2_obstacle_6, sprint2_timed_cluster_1,
          sprint2_smallroom_cluster_1, sprint2_smallroom_final_cluster_1,
          sprint2_transparent_cluster_1, sprint2_second_timed_cluster_1,
          sprint2_sniper_area_1, sprint2_heavy_combat_area_1,
          sprint2_mutation_trap_area_1, sprint2_forest_area_1,
          sprint2_light_combat_area_1, sprint2_behind_water_1,
          sprint2_near_end_vault_1]

Skill      XL: |  1  2  3  4  5  6  7  8 |
---------------+-------------------------+-----
Fighting       | 5 6 7 9 10 11 | 11.3
Axes           | 5 6 7 8 10 11 | 11.0
Shields        | 5 6 7 9 10 11 | 11.2
Dodging        | |  3.0

Action                   |  1- 3 |  4- 6 |  7- 9 || total
-------------------------+-------+-------+-------++-------
Melee: War axe           |     3 |    26 |    35 ||    64
       Constrict         |     1 |     7 |     5 ||    13
       Tentacles         |     1 |     4 |     6 ||    11
  Use: Potion            |     1 |       |     5 ||     6
       Scroll            |       |       |     3 ||     3
Dodge: Dodged            |       |     3 |    24 ||    27
Block: Kite shield       |     1 |    10 |    24 ||    35

Table legend: (Time is in decaauts)
 A = Elapsed time spent in this place.
 B = Non-inter-level travel time spent in this place.
 C = Inter-level travel time spent in this place.
 D = Time resting spent in this place.
 E = Time spent auto-exploring this place.
 F = Levels seen in this place.
 G = Mean time per level.
                   A        B        C        D        E       F      G
               +--------+--------+--------+--------+--------+-----+--------+
         Total |   1510 |   1500 |     10 |   1215 |      0 |   1 | 1510.0 |
       Dungeon |   1510 |   1500 |     10 |   1215 |      0 |   1 | 1510.0 |
               +--------+--------+--------+--------+--------+-----+--------+

Top non-repeatable levels by time:
       D: 1510 daAuts
